 Dungeon Crawl Stone Soup version 0.23-a0-584-g44dd78f (webtiles) character file.

7 inc the Vexing (level 1, 0/7 HPs)
             Began as a Felid Enchanter on Dec 18, 2018.
             Slain by a bat (1 damage)
             ... on level 1 of the Dungeon.
             The game lasted 00:00:35 (472 turns).

inc the Vexing (Felid Enchanter)                     Turns: 472, Time: 00:00:36

Health: 0/7        AC:  1    Str:  4    XL:     1   Next: 83%
Magic:  4/4        EV: 18    Int: 16    God:
Gold:   40         SH:  0    Dex: 16    Spells: 3/4 levels left
                                        Lives:  0   Deaths: 0

rFire    . . .     SeeInvis +     - Unarmed
rCold    . . .     Gourm    .   (shield unavailable)
rNeg     . . .     Faith    .   (armour unavailable)
rPois    .         Spirit   .   (helmet unavailable)
rElec    .         Reflect  .   (cloak unavailable)
rCorr    .         Harm     .   (gloves unavailable)
MR       .....                  (boots unavailable)
Stlth    +++.......             (no amulet)
HPRegen  0.02/turn              (no ring)
MPRegen  0.09/turn              (no ring)

@: quick
A: very small, no armour, no weapons or thrown items, stealth, claws 1, fangs 3,
see invisible, carnivore, speed 1, shaggy fur 1, slow metabolism 1, sharp paws
a: no special abilities


You were on level 1 of the Dungeon.
You were not hungry.

You visited 1 branch of the dungeon, and saw 1 of its levels.

You collected 40 gold pieces.

Inventory:

Scrolls
 a - 3 scrolls of remove curse {unknown}
 c - a scroll of noise {unknown}
 d - 2 scrolls of teleportation {unknown}
Potions
 e - 2 potions of degeneration {unknown}
Comestibles
 b - 2 rations


   Skills:
 - Level 2.6 Dodging
 - Level 4.0 Stealth
 + Level 2.0 Unarmed Combat
 - Level 2.0 Spellcasting
 - Level 4.4 Hexes


You had 3 spell levels left.
You knew the following spells:

 Your Spells              Type           Power        Failure   Level  Hunger
a - Corona                Hex            ###....      3%          1    #......

Your spell library contained the following spells:

 Spells                   Type           Power        Failure   Level  Hunger
 Confuse                  Hex            ###.....     11%         3    ###....
 Tukima's Dance           Hex            ###.....     11%         3    ###....
 Ensorcelled Hibernation  Hex/Ice        #.....       13%         2    ###....
 Dazzling Spray           Conj/Hex       #.....       26%         3    ###....


Dungeon Overview and Level Annotations

Branches:
Dungeon (1/15)

Altars:


Innate Abilities, Weirdness & Mutations

You cannot wear armour.
You are incapable of wielding weapons or throwing items.
Your paws allow you to move quietly. (Stealth)
You have sharp claws.
You have razor-sharp teeth.
You have supernaturally acute eyesight. (SInv)
You are carnivorous and can eat meat at any time.
You cover ground quickly.
You are covered in fur. (AC +1)
You have a slow metabolism.
Your sharp claws are effective at attacking unaware monsters.


Message History

You closely miss the rat. The bat misses you. The rat bites you.
You miss the bat.
The bat is heavily wounded.
The bat hits you. The rat bites you but does no damage.
You are too injured to fight recklessly!
You scratch the rat.
The rat is heavily wounded.
The bat barely misses you. The rat bites you.
* * * LOW HITPOINT WARNING * * *
The bat barely misses you. The bat misses you. The bat completely misses you.
The bat misses you.
You completely miss the bat.
The bat is heavily wounded.
The bat barely misses you. The bat barely misses you.
The bat closely misses you. The bat misses you. The bat hits you.
You die...

#..........#.........#.......
##.........#..#...#..#.......
#..........#.........#....##.
#..........#.........#....##.
#...†......#....<....#....###
#####..........###########..... .
....#.............)..........####
....##.........b..#.#.........#
>...###......r..@##.#.........# #
..........#.........#.........##.
..........#.........#............
..........#.#####...#............
............# #.####...........
............# ##. ##..........
............# .. ####.......
####......### ...#####.......
#......# .........[..


You could see a bat and a rat.

Vanquished Creatures
  2 goblins (D:1)
  2 bats (D:1)
  2 kobolds (D:1)
  A rat (D:1)
7 creatures vanquished.

Notes
Turn   | Place    | Note
-------+----------+-------------------------------------------
     0 | D:1      | inc the Felid Enchanter began the quest for the Orb.
     0 | D:1      | Reached XP level 1. HP: 7/7 MP: 4/4
   472 | D:1      | Slain by a bat

Vault maps used:
D:1:      shiori_arrival_oz, kennysheep_nondescript

Skill      XL: |  1 |
---------------+----+-----
Unarmed Combat | 2 |  2.0
Dodging        | |  2.6
Stealth        | |  4.0
Spellcasting   | |  2.0
Hexes          | |  4.4

Action                   || total
-------------------------++-------
Melee: Unarmed           ||    29
       Bite              ||     3
 Cast: Corona            ||     1
 Stab: Sleeping          ||     1
Armor: Skin              ||     4
Dodge: Dodged            ||    37

Table legend:
 A = Non-vault XP
 B = Vault XP
 C = Vault XP percentage of total XP
 D = Non-vault monster count
 E = Vault monster count
 F = Vault count percentage of total count
                 A         B        C        D         E       F
            +---------+---------+-------+---------+---------+-------
      Total |      10 |       0 |   0.0 |       7 |       0 |   0.0
            +---------+---------+-------+---------+---------+-------
        D:1 |      10 |       0 |   0.0 |       7 |       0 |   0.0
            +---------+---------+-------+---------+---------+-------
